 Dungeon Crawl Stone Soup version 0.30-a0-883-g5ad918d77d (webtiles) character file.

Game seed: 817286608975880731

24437 Pimp the Thaumaturge (level 13, -10/96 HPs)
             Began as a Formicid Earth Elementalist on Mar 14, 2023.
             Was an Elder of Vehumet.
             Mangled by a two-headed ogre
             ... wielding a +0 giant spiked club
              (17 damage)
             ... on level 12 of the Dungeon on Mar 15, 2023.
             The game lasted 01:24:46 (24844 turns).

Pimp the Thaumaturge (Formicid Earth Elementalist) Turns: 24844, Time: 01:24:46

Health: -10/96     AC: 14    Str: 16    XL:     13   Next: 42%
Magic:  19/26      EV: 12    Int: 17    God:    Vehumet [****..]
Gold:   1206       SH:  8    Dex: 20    Spells: 7/30 levels left

rFire   + + +      SeeInvis +    E - +7 great mace "Firestarter" {flame, inner flame, rFlCloud rF++}
rCold   x . .      Faith    .    o - +1 buckler {rN+}
rNeg    + . .      Spirit   .    n - +1 fire dragon scales
rPois   +          Reflect  .    (helmet unavailable)
rElec   .          Rampage  .    w - +0 cloak
rCorr   .                        (no gloves)
Will    +....                    A - +1 pair of boots of Free Expression {Stlth+}
Stlth   +++                      (no amulet)
HPRegen 0.36/turn                f - +6 ring of dexterity
MPRegen 0.20/turn                x - ring of poison resistance

@: no status effects
A: permanent stasis, dig shafts and tunnels, antennae 3, four strong arms,
screaming 1
a: Dig, Shaft Self, Renounce Religion


You were on level 12 of the Dungeon.
You worshipped Vehumet.
Vehumet was greatly pleased with you.
You visited 4 branches of the dungeon, and saw 17 of its levels.

You collected 1574 gold pieces.
You spent 368 gold pieces at shops.

Inventory:

Hand Weapons
 c - a +2 short sword of electrocution
 h - a +3 battleaxe of protection
 l - a +0 long sword
 r - a +2 broad axe
 E - the +7 great mace "Firestarter" (weapon) {flame, inner flame, rFlCloud rF++}
   (You found it on level 12 of the Dungeon)

   rFlCloud:  It grants immunity to clouds of flame.
   rF:        It greatly protects you from fire.
Missiles
 s - 2 throwing nets
 C - a silver boomerang
Armour
 a - a +0 robe
 d - a +0 ring mail
 g - a scarf of invisibility
 n - +1 fire dragon scales (worn)
 o - a +1 buckler of positive energy (worn)
 w - a +0 cloak (worn)
 A - the +1 pair of boots of Free Expression (worn) {Stlth+}
   (You bought it in a shop on level 2 of the Orcish Mines)

   Stlth:     It makes you more stealthy.
Magical Staves
 j - a staff of earth
Jewellery
 f - a +6 ring of dexterity (left hand)
 i - a ring of flight
 x - a ring of poison resistance (right hand)
Wands
 q - a wand of light (13)
 t - a wand of paralysis (4)
 z - a wand of iceblast (5) (quivered)
Scrolls
 k - 2 scrolls of identify
 v - 2 scrolls of poison
 y - 3 scrolls of immolation
 B - 2 scrolls of magic mapping
 D - a scroll of amnesia
Potions
 b - 2 potions of cancellation
 e - 2 potions of flight
 m - a potion of brilliance
 p - a potion of attraction
 F - a potion of curing
Miscellaneous
 u - a box of beasts (inert)


   Skills:
 + Level 7.4 Fighting
 - Level 8.6 Axes
 * Level 0.7(5.4) Maces & Flails
 + Level 6.5 Armour
 - Level 5.6 Dodging
 - Level 5.8 Stealth
 + Level 8.8 Shields
 * Level 9.4 Spellcasting
 * Level 6.8 Conjurations
 - Level 5.4 Transmutations
 - Level 3.4 Fire Magic
 - Level 8.1 Earth Magic
 - Level 4.7 Poison Magic


You had 7 spell levels left.
You knew the following spells:

 Your Spells              Type           Power      Damage    Failure   Level
a - Sandblast             Erth           70%        2d15      1%          1
b - Ignite Poison         Fire/Tmut/Pois 23%        N/A       5%          3
c - Mephitic Cloud        Conj/Pois/Air  21%        N/A       7%          3
d - Sticky Flame          Conj/Fire      25%        2d5       13%         4
e - Passwall              Tmut/Erth      25%        N/A       4%          2
f - Stone Arrow           Conj/Erth      66%        3d11      1%          3
g - Fulminant Prism       Conj/Hex       9%         3d7       26%         4
h - Hailstorm             Conj/Ice       19%        3d6       9%          3

Your spell library contained the following spells:

 Spells                   Type           Power      Damage    Failure   Level
 Magic Dart               Conj           100%       1d8       1%          1
 Shock                    Conj/Air       76%        1d7       3%          1
 Petrify                  Tmut/Erth      31%        N/A       26%         4
 Slow                     Hex            28%        N/A       38%         1
 Call Imp                 Summ           7%         N/A       54%         2
 Yara's Violent Unravell  Hex/Tmut       8%         3d5       65%         5
 Airstrike                Air            3%         2d(1-17)  67%         4
 Confusing Touch          Hex            7%         N/A       77%         3
 Tukima's Dance           Hex            7%         N/A       77%         3
 Vampiric Draining        Necr           7%         2d6       77%         3
 Passage of Golubria      Tloc           7%         N/A       99%         4
 Ignition                 Fire           9%         3d5       100%        8
 Swiftness                Air            Unusable   N/A       N/A         3

Dungeon Overview and Level Annotations

Branches:
Dungeon (12/15)            Temple (1/1) D:6            Lair (2/5) D:11
  Swamp (0/4) Lair:2          Orc (2/2) D:11
  Snake: Lair:2-3    Spider: Lair:2-3       Elf: Orc:2

Altars:
Ashenzari
Cheibriados
Dithmenos
Elyvilon
Fedhas
Gozag
Hepliaklqana
Kikubaaqudgha
Makhleb
Nemelex Xobeh
Okawaru
Qazlal
Ru
Sif Muna
Trog
Uskayaw
Vehumet
Wu Jian
Xom
Yredelemnul
Zin
The Shining One

Shops:
D:2 [=!*   D:3 !   Orc:2 [(


Innate Abilities, Weirdness & Mutations

You cannot be hasted, slowed, berserked, paralysed or teleported.
You can dig through walls and to a lower floor.
You have a pair of large antennae on your head. (SInv)
Your four strong arms can wield two-handed weapons with a shield.
You occasionally shout uncontrollably at your foes.


Message History

The two-headed ogre hits the two-headed ogre with a +0 giant spiked club!!
The two-headed ogre hits the two-headed ogre with a +0 giant spiked club!
You sock the ogre! You burn the ogre.
You kill the ogre!
Vehumet accepts your kill.
The two-headed ogre is engulfed in blazing flames.
The two-headed ogre barely misses you. You block the two-headed ogre's attack.
You barely miss the two-headed ogre.
The two-headed ogre is moderately wounded.
The two-headed ogre seems less confused.
The two-headed ogre is engulfed in blazing flames. x2
An ogre comes into view. It is wielding a +0 giant club.
The two-headed ogre misses you.
The two-headed ogre hits you with a +0 giant spiked club!
You block the two-headed ogre's attack.
The two-headed ogre hits you with a +0 giant spiked club.
You barely miss the two-headed ogre.
The two-headed ogre is lightly wounded.
The two-headed ogre hits you with a +0 giant club!!
The two-headed ogre misses you.
You hit the two-headed ogre. You burn the two-headed ogre.
The two-headed ogre is filled with an inner flame.
The two-headed ogre is moderately wounded.
The two-headed ogre closely misses you.
The two-headed ogre hits you with a +0 giant spiked club!
The two-headed ogre hits you with a +0 giant club!
The two-headed ogre hits you but does no damage.
The two-headed ogre barely misses you. The two-headed ogre closely misses you.
Your magical contamination has completely faded away.
Okay, then.
You sock the two-headed ogre!
Flame seeps out of the two-headed ogre.
You burn the two-headed ogre.
Flame seeps out of the two-headed ogre.
The two-headed ogre is heavily wounded.
The two-headed ogre hits you with a +0 great mace!
The two-headed ogre hits you with a +0 giant club!
* * * LOW HITPOINT WARNING * * *
The two-headed ogre hits you with a +0 giant spiked club!
* * * LOW HITPOINT WARNING * * *
The two-headed ogre hits you with a +0 giant spiked club!
You die...

#.................... ..
...#.................
...#....................
...##..............[....
(...##.............###..
.........##........##...
.......#................
......O##..####.......##
...O..O@....# #......#
......OO.##.###..#..# ##
.........##.#....##.###.
.........##.#...........
......#..#..........##..
.........##............###..
.........................#..
#...........................
..
##...........................


You could see 4 two-headed ogres and an ogre.

Vanquished Creatures
  Josephine (D:11)
  An ogre mage (Orc:1)
  5 two-headed ogres
  Amaemon (D:8)
  3 cyclopes (D:12)
  2 oklob plants (D:11)
  Joseph (D:7)
  2 cane toads
  A kobold demonologist (D:11)
  2 komodo dragons
  An orange demon (D:8)
  3 trolls
  A polar bear (Lair:1)
  2 blink frogs (Lair:1)
  The ghost of XWhyZ the Thrower, an amateur GnWn of Qazlal (D:4)
  6 wraiths
  2 shadows
  A vampire (D:12)
  31 yaks
  3 wyverns
  3 vampire mosquitoes (D:12)
  A steam dragon (D:8)
  8 wargs
  An acid dragon (D:12)
  A water moccasin (Lair:1)
  An ice beast (D:4)
  12 orc warriors
  3 black bears
  6 ogres
  9 centaurs
  A phantom (D:6)
  7 kobold brigands
  5 bullfrogs
  6 scorpions
  3 gnoll sergeants (D:9)
  3 wights (D:8)
  12 killer bees
  6 howler monkeys
  3 hounds (D:5)
  3 jellies
  A gnoll bouda (D:9)
  10 orc priests
  9 iguanas
  Natasha (thrice) (D:2)
  20 orc wizards
  2 hell rats (Lair:1)
  7 gnolls
  2 adders
  7 river rats (Lair:1)
  A white imp (D:6)
  2 ufetubi
  A worm (D:3)
  2 dart slugs (D:1)
  44 orcs
  8 endoplasms
  6 giant cockroaches
  7 goblins
  6 hobgoblins
  6 jackals
  41 kobolds
  4 quokkas
  5 ball pythons
  6 bats
  2 frilled lizards
  8 rats
374 creatures vanquished.

Vanquished Creatures (others)
  A human (D:7)
  A bullfrog (D:8)
  18 fulminant prisms
  16 fungi
  26 plants
62 creatures vanquished.

Grand Total: 436 creatures vanquished

Notes
Turn   | Place    | Note
-------+----------+-------------------------------------------
     0 | D:1      | Pimp the Formicid Earth Elementalist began the quest for
                  | the Orb.
     0 | D:1      | Reached XP level 1. HP: 13/13 MP: 3/3
   109 | D:1      | Reached XP level 2. HP: 10/19 MP: 1/5
   451 | D:1      | Found a faded altar of an unknown god.
   493 | D:1      | Reached XP level 3. HP: 2/24 MP: 0/6
  1501 | D:2      | Found Bezeoh's Antique Armour Boutique.
  1585 | D:2      | Found Awkebim's Distillery.
  1616 | D:2      | Found Edaext's Assorted Antiques.
  1645 | D:2      | Reached XP level 4. HP: 23/30 MP: 2/7
  1702 | D:2      | Noticed Natasha
  1718 | D:2      | Killed Natasha
  1953 | D:2      | Found Afarafoo's Jewellery Emporium.
  2052 | D:2      | Noticed Natasha
  2067 | D:2      | Killed Natasha
  2068 | D:2      | Reached XP level 5. HP: 27/35 MP: 3/9
  2130 | D:2      | Noticed Natasha
  2144 | D:2      | Killed Natasha
  2145 | D:2      | Reached skill level 3 in Spellcasting
  2214 | D:3      | Found Bifo's Distillery.
  2269 | D:3      | Found a burning altar of Makhleb.
  2437 | D:3      | Found a basalt altar of Yredelemnul.
  2854 | D:3      | Reached XP level 6. HP: 38/41 MP: 3/10
  3166 | D:2      | Bought a shiny buckler for 150 gold pieces
  3524 | D:4      | Noticed an ogre
  3697 | D:4      | Killed an ogre
  3698 | D:4      | Reached skill level 5 in Earth Magic
  3849 | D:4      | Reached XP level 7. HP: 47/47 MP: 12/12
  3860 | D:4      | Found a runed translucent gate.
  3860 | D:4      | Found a runed translucent gate.
  3861 | D:4      | Found a runed translucent gate.
  3861 | D:4      | Noticed XWhyZ's ghost (amateur GnWn)
  3947 | D:4      | Reached skill level 1 in Fighting
  3947 | D:4      | Reached skill level 1 in Shields
  4154 | D:4      | Reached skill level 1 in Axes
  4419 | D:4      | Killed XWhyZ's ghost
  4420 | D:4      | Reached XP level 8. HP: 17/56 MP: 8/13
  4571 | D:5      | Entered Level 5 of the Dungeon
  4696 | D:5      | Reached skill level 4 in Spellcasting
  4763 | D:5      | Reached skill level 5 in Stealth
  5213 | D:5      | Found a broken altar of Ashenzari.
  5266 | D:5      | Found an opulent altar of Gozag.
  6439 | D:6      | Reached XP level 9. HP: 27/63 MP: 15/15
  6919 | D:6      | Found a staircase to the Ecumenical Temple.
  6933 | Temple   | Entered the Ecumenical Temple
  7099 | Temple   | Became a worshipper of Vehumet
  7337 | D:6      | Reached skill level 1 in Armour
  7435 | D:6      | Found a shimmering blue altar of Sif Muna.
  7997 | D:7      | Reached skill level 5 in Transmutations
  8005 | D:7      | Reached skill level 5 in Spellcasting
  8056 | D:7      | Learned a level 3 spell: Ignite Poison
  8560 | D:7      | Found an ancient bone altar of Kikubaaqudgha.
  8708 | D:7      | Reached skill level 1 in Poison Magic
  8883 | D:7      | Noticed Joseph
  8954 | D:7      | Killed Joseph
  8954 | D:7      | Reached * piety under Vehumet
  8954 | D:7      | Offered knowledge of Freeze by Vehumet.
  8955 | D:7      | Reached skill level 1 in Fire Magic
  8955 | D:7      | Reached XP level 10. HP: 66/72 MP: 14/17
  9735 | D:8      | Reached skill level 5 in Shields
  9794 | D:8      | Learned a level 3 spell: Mephitic Cloud
  9799 | D:8      | Learned a level 4 spell: Sticky Flame
  9936 | D:8      | Found a glowing golden altar of the Shining One.
 10002 | D:8      | Noticed Amaemon
 10003 | D:8      | Noticed an orange demon
 10048 | D:8      | Killed Amaemon
 10049 | D:8      | Reached skill level 1 in Conjurations
 10054 | D:8      | Killed an orange demon
 10055 | D:8      | Reached skill level 5 in Dodging
 11224 | D:8      | Reached skill level 5 in Fighting
 12367 | D:9      | Upgraded the game from 0.30-a0-881-g1ff12e1e11 to
                  | 0.30-a0-883-g5ad918d77d
 12374 | D:9      | Reached XP level 11. HP: 67/79 MP: 19/19
 12679 | D:9      | Reached skill level 5 in Axes
 12684 | D:9      | Reached skill level 6 in Spellcasting
 12987 | D:10     | Entered Level 10 of the Dungeon
 13406 | D:10     | HP: 4/80 [yak (6)]
 13665 | D:10     | Offered knowledge of Foxfire by Vehumet.
 13720 | D:10     | Reached ** piety under Vehumet
 14083 | D:10     | Learned a level 2 spell: Passwall
 14098 | D:10     | HP: 3/80 [orc priest/divine providence (13)]
 14908 | D:11     | Found a staircase to the Lair.
 14910 | D:11     | Noticed an oklob plant
 14918 | D:11     | Noticed an oklob plant
 14942 | D:11     | Noticed a two-headed ogre
 15140 | D:11     | Noticed a two-headed ogre
 15220 | D:11     | Noticed Josephine
 15368 | D:11     | Identified the -1 barding of Mental Paralysis {Str+2}
 15411 | D:11     | Offered knowledge of Static Discharge by Vehumet.
 15603 | D:11     | Noticed a two-headed ogre
 15722 | D:11     | Killed a two-headed ogre
 15988 | D:11     | Reached skill level 7 in Spellcasting
 16022 | D:11     | Reached *** piety under Vehumet
 16389 | D:11     | Found a staircase to the Orcish Mines.
 16480 | D:11     | Killed Josephine
 16481 | D:11     | Reached XP level 12. HP: 88/88 MP: 21/23
 16946 | D:11     | Offered knowledge of Fulminant Prism by Vehumet.
 16947 | D:11     | Reached skill level 5 in Armour
 17069 | D:11     | Noticed a sixfirhy
 17165 | D:11     | Killed a two-headed ogre
 17378 | D:11     | HP: 5/133 [two-headed ogre/+0 giant club (8)]
 17379 | D:11     | Killed a two-headed ogre
 17380 | D:11     | Reached skill level 5 in Conjurations
 17742 | D:11     | Learned a level 3 spell: Stone Arrow
 17747 | D:11     | Learned a level 4 spell: Fulminant Prism
 18032 | D:11     | HP: 4/89 [oklob plant/splash of acid (33)]
 18331 | D:11     | Reached skill level 8 in Spellcasting
 18348 | Orc:1    | Entered Level 1 of the Orcish Mines
 19511 | Orc:1    | Reached **** piety under Vehumet
 19845 | Orc:2    | Entered Level 2 of the Orcish Mines
 19845 | Orc:2    | Found Nufaoriy's Antique Armour Emporium.
 19864 | Orc:2    | Bought a pair of jewelled boots for 218 gold pieces
 19864 | Orc:2    | Identified the +1 pair of boots of Free Expression {Stlth+}
                  | (You bought it in a shop on level 2 of the Orcish Mines)
 19872 | Orc:2    | Found Zeuffa's Firing Range.
 20387 | Orc:2    | Noticed an ogre mage
 20388 | Orc:2    | Noticed an ogre mage
 20401 | Orc:2    | Noticed a two-headed ogre
 20401 | Orc:2    | Noticed a two-headed ogre
 20519 | Orc:2    | Noticed a two-headed ogre
 20525 | Orc:1    | Killed an ogre mage
 20645 | Orc:2    | Noticed an ogre mage
 20651 | Orc:1    | Killed a two-headed ogre
 21617 | D:11     | Reached XP level 13. HP: 95/95 MP: 25/25
 21623 | Lair:1   | Entered Level 1 of the Lair of Beasts
 21675 | Lair:1   | Offered knowledge of Hailstorm by Vehumet.
 22302 | Lair:1   | Learned a level 3 spell: Hailstorm
 23034 | Lair:2   | Found a staircase to the Swamp.
 23046 | Lair:2   | Noticed a catoblepas
 23122 | Lair:2   | HP: 1/96 [cane toad (14)]
 23123 | Lair:2   | Gained mutation: You are robust. (+10% HP) [potion of
                  | mutation]
 23123 | Lair:2   | Lost mutation: You are robust. (+10% HP) [potion of
                  | mutation]
 23123 | Lair:2   | Gained mutation: You occasionally shout uncontrollably at
                  | your foes. [potion of mutation]
 23125 | Lair:2   | Reached skill level 9 in Spellcasting
 23405 | Lair:2   | Noticed a catoblepas
 24708 | D:12     | Found the +7 great mace "Firestarter" {flame, inner flame,
                  | rFlCloud rF++}
 24844 | D:12     | Mangled by a two-headed ogre

Illustrated notes

Levels and vault maps discovered:
D:1:      psy_arrival_dodecagon, layout_basic, chequers_ecumenical_altar_island
D:2:      layout_basic, serial_shops, shop, shop_coins,
          nicolae_shop_window_shopping, shop, serial_bayou_lagoon_a,
          uniq_natasha
D:3:      layout_rooms, nicolae_overflow_crystal_walls,
          mainiacjoe_overflow_paths, serial_shops, shop_statue,
          minmay_crystal_water, minmay_starry_boxes
D:4:      layout_gridville, ebering_ghost_rock_garden
D:5:      layout_loops_corners, kennysheep_little_box,
          nicolae_gozag_seed_capital
D:6:      layout_basic, mainiacjoe_overflow_concentric_impassable,
          minmay_temple_entry_slanted, minmay_misc_feat_columns,
          mrwooster_statue_mirror
D:7:      layout_basic, tgw_kikubaaqudgha, serial_glass, glass_columns_b,
          glass_columns_a, glass_columns_b, glass_columns_a, glass_columns_a,
          glass_columns_a, moated_statue, minmay_diced_spiral, uniq_joseph
D:8:      layout_loops_ring, tso_altar, uniq_amaemon
D:9:      cheibrodos_fzero, layout_gridville
D:10:     layout_irregular_city, serial_column_ruins, column_ruins_hut,
          column_ruins_grid_1, column_ruins_columns_dead_end,
          column_ruins_open_tiny_water, column_ruins_columns_dead_end,
          column_ruins_columns_straight, hangedman_decor_lopped,
          amcnicky_mini_pool_small
D:11:     layout_basic, dpeg_oklobed_lair, david_orc_3, gauntlet_entry_generic,
          uniq_josephine
D:12:     layout_cave_pools
Temple:   bh_familiar_temple
Lair:1:   layout_regular_city, chequers_serial_rivers_large_a,
          kennysheep_rathole, grunt_megastairs_5
Lair:2:   layout_loops_ring, swamp_mist_pool
Orc:1:    cheibrodos_orc_guarddog, layout_diamond_mine, basic_altar
Orc:2:    st_orc_ogre_mass, layout_caves, serial_shops, nicolae_square_shop,
          nicolae_shop_firing_range

Skill      XL: |  1  2  3  4  5  6  7  8  9 10 11 12 13 |
---------------+----------------------------------------+-----
Dodging        | 2 3 4 5 |  5.6
Earth Magic    | 4 5 6 7 8 |  8.1
Stealth        | 3 4 5 |  5.8
Transmutations | 2 3 4 5 |  5.4
Spellcasting   | 3 4 5 7 8 9 |  9.4
Fighting       | 2 3 4 5 6 7 |  7.4
Shields        | 2 3 4 5 7 8 |  8.8
Axes           | 1 2 3 4 6 7 8 |  8.6
Armour         | 2 3 4 5 6 |  6.5
Poison Magic   | 1 3 4 |  4.7
Fire Magic     | 1 2 3 |  3.4
Conjurations   | 2 4 5 6 |  6.8
Maces & Flails | |  0.7

Action                     |  1- 3 |  4- 6 |  7- 9 | 10-12 | 13-15 || total
---------------------------+-------+-------+-------+-------+-------++-------
  Melee: Short sword       |   110 |    99 |       |       |       ||   209
         Punch             |       |     1 |       |       |       ||     1
         Broad axe         |       |     9 |   200 |       |       ||   209
         Battleaxe         |       |       |    40 |   695 |   158 ||   893
         Unarmed           |       |       |       |     5 |       ||     5
         Great mace        |       |       |       |       |    11 ||    11
   Cast: Sandblast         |     2 |     7 |    45 |    70 |     3 ||   127
         Passwall          |       |       |       |     1 |       ||     1
         Mephitic Cloud    |       |       |       |     7 |     2 ||     9
         Stone Arrow       |       |       |       |     5 |       ||     5
         Fulminant Prism   |       |       |       |     4 |    14 ||    18
         Sticky Flame      |       |       |       |     1 |     1 ||     2
         Ignite Poison     |       |       |       |     1 |     1 ||     2
         Hailstorm         |       |       |       |       |     1 ||     1
  Evoke: Wand              |       |       |     1 |    38 |       ||    39
         Box of beasts     |       |       |       |     1 |       ||     1
    Use: Potion            |     2 |     2 |     8 |    12 |     2 ||    26
         Scroll            |     3 |     5 |     9 |     8 |     1 ||    26
   Stab: Sleeping          |     8 |     5 |     6 |     4 |     2 ||    25
         Invisible         |       |       |     1 |     4 |       ||     5
         Distracted        |       |       |     1 |     1 |       ||     2
         Confused          |       |       |       |     1 |       ||     1
 Armour: Robe              |    41 |       |       |       |       ||    41
         Ring mail         |    17 |    24 |    88 |       |       ||   129
         Fire dragon scale |       |       |       |   385 |    94 ||   479
         Skin              |       |       |       |     7 |       ||     7
  Dodge: Dodged            |   116 |    67 |   232 |   518 |   116 ||  1049
  Block: Buckler           |       |     3 |   122 |   405 |    69 ||   599

Table legend: (Time is in decaauts)
 A = Elapsed time spent in this place.
 B = Non-inter-level travel time spent in this place.
 C = Inter-level travel time spent in this place.
 D = Time resting spent in this place.
 E = Time spent auto-exploring this place.
 F = Levels seen in this place.
 G = Mean time per level.
                   A        B        C        D        E       F      G
               +--------+--------+--------+--------+--------+-----+--------+
         Total |  25464 |  24022 |   1442 |  10476 |   8231 |  17 | 1497.9 |
       Dungeon |  20006 |  19220 |    786 |   8138 |   7010 |  12 | 1667.2 |
        Temple |    188 |    167 |     21 |      0 |    151 |   1 |  188.0 |
          Lair |   2610 |   2265 |    345 |    995 |    654 |   2 | 1305.0 |
  Orcish Mines |   2658 |   2368 |    290 |   1343 |    415 |   2 | 1329.0 |
               +--------+--------+--------+--------+--------+-----+--------+

Top non-repeatable levels by time:
    D:11: 3628 daAuts
     D:8: 2837 daAuts
    D:10: 2700 daAuts
   Orc:1: 2531 daAuts
  Lair:1: 2161 daAuts
     D:5: 1877 daAuts
     D:4: 1402 daAuts
     D:6: 1387 daAuts
     D:7: 1382 daAuts
     D:2: 1196 daAuts
     D:1: 1142 daAuts
     D:9: 1091 daAuts
     D:3: 878 daAuts
    D:12: 482 daAuts
  Lair:2: 449 daAuts
